Map: Moonlight Madness LE (Void)

Players

Adamantio

  • Race: Zerg Zerg
  • League: Grandmaster

wabbajack - Winner!

  • Race: Zerg Zerg
  • League: Gold

VOD

Have the link to the VOD?

Description

Time

  • Played on: July 17, 2015, 7:31 p.m.
  • Length: 8:05
Show
View Real Time Build Order
Export as new Build Order

Adamantio Zerg 

Build Orders: Pool First 

Get SALT Encoding   

  12  0:02  Drone  
  13  0:13  Drone  
  14  0:30  Spawning Pool  
  14  0:31  Drone  
  14  0:38  Extractor  
  14  0:40  Extractor  
  14  0:42  Drone  
  13  0:44  Drone  
  16  0:53  Overlord  
  16  1:24  Hatchery  
  16  1:25  Zergling x4  
  17  1:31  Queen  
  19  1:34  Zergling x2  
  20  1:46  Extractor  
  20  1:47  Drone  
  20  1:50  Drone  
  21  1:58  Overlord  
  21  2:17  Zergling x2  
  22  2:24  Spine Crawler  
  17  3:09  Metabolic Boost  
  17  3:19  Zergling x16  
  26  3:20  Zergling x2  
  26  3:31  Extractor  
  26  3:32  Drone  
  26  3:33  Drone  
  27  3:40  Overlord  
  27  3:54  Queen  
  27  4:08  Zergling x2  
  27  4:09  Zergling x6  
  31  4:17  Drone x3  
  33  4:22  Drone  
  35  4:40  Spine Crawler  
  25  5:13  Lair  
  25  5:16  Drone x6  
  25  5:17  Drone  
  32  5:25  Drone x3  
  35  5:31  Hatchery  
  35  5:32  Extractor  
  35  5:35  Extractor  
  32  5:38  Overlord  
  32  5:39  Overlord  
  32  5:53  Roach Warren  
  31  6:01  Drone x5  
  31  6:02  Drone  
  37  6:10  Drone  
  37  6:11  Drone x2  
  40  6:25  Spire  
  40  6:31  Drone x2  
  41  6:36  Overlord x2  
  41  6:53  Roach x4  
  51  6:54  Roach x2  
  40  7:04  Roach x2  
  40  7:07  Zergling x2  
  45  7:17  Drone x2  
  45  7:18  Drone  
  41  7:34  Roach x4  
  41  7:35  Roach  
Show
View Real Time Build Order
Export as new Build Order

wabbajack Zerg - Winner!

Build Orders: Pool First 

Get SALT Encoding   

  12  0:01  Drone  
  13  0:13  Extractor  
  12  0:25  Spawning Pool  
  11  0:40  Drone x3  
  14  0:53  Overlord  
  14  1:04  Drone, Extractor  
  15  1:13  Queen  
  17  1:22  Metabolic Boost  
  17  1:29  Overlord  
  17  1:36  Drone  
  17  1:39  Zergling x2  
  19  1:45  Zergling x2  
  20  1:56  Zergling x2  
  21  2:08  Zergling x2  
  22  2:14  Hatchery  
  21  2:19  Drone  
  22  2:36  Zergling x6  
  22  2:37  Zergling x2  
  25  2:43  Spine Crawler  
  23  3:09  Queen  
  25  3:14  Overlord  
  25  3:16  Drone x3  
  25  3:18  Drone  
  29  3:33  Drone, Roach Warren  
  29  3:40  Evolution Chamber, Drone  
  26  4:13  Drone  
  26  4:14  Drone x7  
  34  4:18  Lair  
  34  4:24  Zerg Missile Weapons Level 1  
  34  4:38  Extractor  
  31  5:01  Overlord  
  31  5:09  Drone  
  31  5:10  Drone x3  
  31  5:12  Overlord x2  
  35  5:15  Queen  
  35  5:18  Glial Reconstitution  
  37  5:27  Roach x2  
  37  5:28  Roach x3  
  47  5:33  Roach  
  47  5:34  Roach  
  51  5:37  Roach  
  51  5:41  Roach  
  55  5:44  Roach  
  57  5:58  Roach  
  57  5:59  Roach x3  
  57  6:03  Drone x3  
  68  6:07  Overlord  
  68  6:39  Zergling x2  
  69  6:40  Zergling x14  
  76  7:04  Overlord x2  
  76  7:05  Hydralisk Den  
  76  7:06  Drone  
  74  7:31  Hatchery  
Tags
 
Add a new tag
Caveats
  • Supply blocks, unpowered buildings, or Contaminate may cause inaccurate times.
  • Supply counts are checked every 10 seconds.